[Event "*** Titled Tuesday Blitz"]
[Site "Chess.com"]
[Date "2021.02.02"]
[Round "1"]
[White "bogcsab"]
[Black "xberli"]
[Result "1-0"]
[WhiteElo "2147"]
[BlackElo "2493"]
[TimeControl "180+1"]
[EndTime "10:07:13 PST"]
[Termination "bogcsab won by checkmate"]

1. d4 Nf6 2. c4 c5 3. Nf3 cxd4 4. Nxd4 d6 5. g3 g6 6. Bg2 Bg7 7. O-O O-O 8. Nc3 Nbd7 9. e4 a6 10. Qe2 Rb8 11. f4 Qc7 12. Be3 b6 13. b3 Bb7 14.
g4 Rbc8 15. g5 Ne8 16. f5 Ne5 17. Rac1 Qb8 18. Bh3 Rd8 19. Qg2 Qa8 20. Nd5 Bxd5 21. cxd5 Qb7 22. Nc6 Nxc6 23. Rxc6 b5 24. fxg6 hxg6 25.
Rfc1 Be5 26. Rb6 Qa8 27. Rcc6 Rb8 28. Rxa6 Qb7 29. Ra7 Ng7 30. Rxb7 Rxb7 31. Qc2 Nh5 32. Rc8 Rb8 33. Rxf8+ Kxf8 34. Qc6 b4 35. Ba7 Re8 36. Bb6 e6 37. dxe6 fxe6 38. Qd7 Nf4 39. Bg4 Re7 40. Qc8+ Re8 41. Qc4 d5 42. Qxb4+ Kf7 43.
Bd4 Rb8 44. Qc3 Bxd4+ 45. Qxd4 Rd8 46. Qf6+ Ke8 47. Bxe6 d4 48. Qf7# 1-0

[Event "*** Titled Tuesday Blitz"]
[Site "Chess.com"]
[Date "2021.02.02"]
[Round "1"]
[White "PavelShkapenko"]
[Black "atalz0"]
[Result "1-0"]
[WhiteElo "2740"]
[BlackElo "2388"]
[TimeControl "180+1"]
[EndTime "10:07:14 PST"]
[Termination "PavelShkapenko won on time"]

1. e4 c6 2. d4 d5 3. e5 c5 4.
dxc5 e6 5. a3 Bxc5 6. b4 Be7 7.
Qg4 g6 8. Nf3 h5 9. Qg3 a5 10.
b5 Nh6 11. Bxh6 Rxh6 12. h4 a4 13. Bd3 Qa5+ 14. Nbd2 Nd7 15. Qf4 Rh7 16. O-O Nc5 17.
Nd4 Bd7 18. N2f3 Rc8 19. Rfc1 Kf8 20. Bxg6 Rg7 21. Bxh5 Qc3 22. Ne2 Qb2 23. Ng5 Bxg5 24. hxg5 Ne4 25. g6 Rxc2 26. Rcb1 Rxe2 27. Rxb2 Rxb2 28.
Rf1 Bxb5 29. Qh4 f6 30. exf6 Bxf1 31. fxg7+ Kxg7 32. Qe7+ Kh6 33. Qh7+ Kg5 34. g7 1-0

[Event "*** Titled Tuesday Blitz"]
[Site "Chess.com"]
[Date "2021.02.02"]
[Round "1"]
[White "Vyacheslav_N"]
[Black "Caracternin123"]
[Result "1-0"]
[WhiteElo "2387"]
[BlackElo "2678"]
[TimeControl "180+1"]
[EndTime "10:07:14 PST"]
[Termination "Vyacheslav_N won by checkmate"]

1. e4 Nf6 2. e5 Nd5 3. c4 Nb6 4. d4 d6 5. f4 g5 6. exd6 Qxd6 7. fxg5 Nc6 8. Be3 Qb4+ 9. Qd2 Qxd2+ 10. Nxd2 Bg7 11.
Ngf3 Bg4 12. a3 O-O-O 13. d5 Bxf3 14. gxf3 Ne5 15. f4 Ng6 16. O-O-O Na4 17. b3 Nc3 18.
Re1 c6 19. dxc6 bxc6 20. Kc2 e6 21. h4 Rd7 22. h5 Ne7 23. h6 Bd4 24. Bxd4 Rxd4 25.
Kxc3 Rhd8 26. Ne4 Ng6 27. Nf6 Rxf4 28. Bg2 Rf2 29. Be4 Ne5 30. Nxh7 c5 31. Nf6 Nf3 32. Re3 Nxg5 33. h7 Nxe4+ 34. Nxe4 Rf4 35. h8=Q Rxh8 36.
Rxh8+ Kc7 37. Nxc5 Kc6 38. Nd3 Rg4 39. Ne5+ Kd6 40.
Nxg4 f5 41. Ne5 a5 42. Nd3 a4 43. b4 f4 44. Nxf4 e5 45. Nd3 e4 46. Rxe4 Kd7 47.
Rh6 Kd8 48. Rg4 Ke8 49. Rg7 Kf8 50. Ra7 Ke8 51. Rb6 Kd8 52. Rb8# 1-0

[Event "*** Titled Tuesday Blitz"]
[Site "Chess.com"]
[Date "2021.02.02"]
[Round "1"]
[White "VladaSviridova"]
[Black "Chernobay_Artem"]
[Result "0-1"]
[WhiteElo "2274"]
[BlackElo "2579"]
[TimeControl "180+1"]
[EndTime "10:07:15 PST"]
[Termination "Chernobay_Artem won by resignation"]

1. d4 Nf6 2. c4 g6 3. Nc3 Bg7 4. e4 d6 5. Nf3 O-O 6. Be2 e5 7. O-O Nc6 8. d5 Ne7 9. Ne1 Nd7 10. Be3 f5 11. f3 f4 12. Bf2 g5 13.
Nd3 Nf6 14. c5 Ng6 15. Rc1 Rf7 16. Kh1 h5 17. Nb5 g4 18. cxd6 cxd6 19. Nxa7 Bd7 20. Qb3 g3 21. Bg1 Nh4 22. Ne1 Bf8 23. Qxb7 Rg7 24.
Qb6 Qe8 25. Rc7 Rb8 26. Rb7 Rxb7 27. Qxb7 gxh2 28. Bxh2 Nxg2 29. Qb6 Bh3 30. Rg1 Nxe1 31. Rxg7+ Kxg7 32. Kg1 Qg6+ 33. Kf2 Nc2 34. Qc7+ Kh6 35.
Qxc2 Qg2+ 36. Ke1 Qxh2 37. Qc7 Qg1+ 38. Kd2 Qe3+ 39. Kd1 Bg2 40. Qd8 Bg7 41. Qe7 Bxf3 42. Bxf3 Qxf3+ 43. Kc1 Qe3+ 44. Kc2 Qxe4+ 45. Kc3 Nxd5+ 0-1

[Event "*** Titled Tuesday Blitz"]
[Site "Chess.com"]
[Date "2021.02.02"]
[Round "1"]
[White "GMaka"]
[Black "Reader777"]
[Result "0-1"]
[WhiteElo "2411"]
[BlackElo "2796"]
[TimeControl "180+1"]
[EndTime "10:07:16 PST"]
[Termination "Reader777 won by resignation"]

1. d4 Nf6 2. c4 e6 3. Nc3 Bb4 4. e3 O-O 5. Ne2 d5 6. a3 Be7 7. cxd5 exd5 8. g3 a5 9. Bg2 Na6 10. O-O Re8 11. f3 c5 12. dxc5 Bxc5 13. Nd4 Nc7 14.
Rb1 Ne6 15. b4 axb4 16. axb4 Bb6 17. Ncb5 Bd7 18. Nd6 Rf8 19. Qd3 Nxd4 20. exd4 Qb8 21.
Bf4 Bc7 22. Nf5 Bxf4 23. gxf4 Qxf4 24. Ng3 Rfe8 25. Rfe1 h5 26. b5 h4 27. Ne2 Qg5 28. f4 Qf5 29. Qxf5 Bxf5 30. Rbc1 Ne4 31. Nc3 Rad8 32. Re3 Nxc3 33. Rxe8+ Rxe8 34. Rxc3 Re1+ 35. Kf2 Rb1 36. Bf1 Rb2+ 37. Kg1 Rb4 38. Rc7 Rxd4 39. Rxb7 Rxf4 40. b6 Rb4 41. Rb8+ Kh7 42. b7 d4 43. Ba6 Be4 44. Rd8 Bxb7 45. Rb8 Rb1+ 46. Kf2 Be4 47.
Rxb1 Bxb1 48. Kf3 f5 49. Kf4 Kg6 50. Ke5 d3 51. Kd4 d2 52. Be2 0-1

[Event "*** Titled Tuesday Blitz"]
[Site "Chess.com"]
[Date "2021.02.02"]
[Round "1"]
[White "tdf98pantani"]
[Black "Kaua18"]
[Result "1-0"]
[WhiteElo "2754"]
[BlackElo "2396"]
[TimeControl "180+1"]
[EndTime "10:07:16 PST"]
[Termination "tdf98pantani won on time"]

1. c4 c5 2. Nf3 Nc6 3. Nc3 e5 4.
g3 g6 5. Bg2 Bg7 6. O-O Nge7 7. d3 d6 8. Bg5 f6 9. Bd2 O-O 10. Ne1 Be6 11. Nc2 d5 12. cxd5 Nxd5 13. Nxd5 Bxd5 14. b4 Bxg2 15. Kxg2 Qd5+ 16. Kg1 cxb4 17.
Nxb4 Nxb4 18. Bxb4 Rfd8 19. Qb3 Rac8 20. Rfc1 Qxb3 21. axb3 Rxc1+ 22. Rxc1 Rd7 23. Kg2 Kf7 24. Rc8 h5 25. h3 f5 26. Bc5 a6 27. h4 Bf6 28. Kf3 Be7 29. Bxe7 Kxe7 30. Rg8 Kf7 31. Rb8 Ke6 32. Ke3 Kd5 33. Rg8 Rd6 34. Rg7 Rb6 35.
f4 e4 36. b4 exd3 37. exd3 Rxb4 38. Rxg6 a5 39. Rf6 b5 40. Rxf5+ Ke6 41. Rxh5 a4 42. Rh6+ Kf5 43. Ra6 Kg4 44. h5 Kxh5 45. Kf3 1-0

[Event "*** Titled Tuesday Blitz"]
[Site "Chess.com"]
[Date "2021.02.02"]
[Round "1"]
[White "Flawless_Fighter"]
[Black "drragnar1"]
[Result "1/2-1/2"]
[WhiteElo "2688"]
[BlackElo "2382"]
[TimeControl "180+1"]
[EndTime "10:07:16 PST"]
[Termination "Game drawn by repetition"]

1. d4 Nf6 2. Nc3 c5 3. d5 e5 4.
e4 d6 5. g3 Be7 6. Bg2 O-O 7. Nf3 Ne8 8. O-O g6 9. a4 Ng7 10. Bh6 f5 11. exf5 Bxf5 12. Nd2 Bg5 13. Bxg5 Qxg5 14. Nc4 Ne8 15. Ne4 Qe7 16. Qe2 Nd7 17.
Rad1 Bxe4 18. Bxe4 Nb6 19. Nxb6 axb6 20. b3 Ng7 21.
Qb5 Qc7 22. Bg2 Nf5 23. Qc4 Nd4 24. c3 Nf3+ 25. Bxf3 Rxf3 26. Kg2 Raf8 27. Rd3 Qf7 28. Rxf3 Qxf3+ 29. Kg1 e4 30. b4 h5 31. Qb5 e3 32.
fxe3 Qxe3+ 33. Kg2 Qe4+ 34. Kg1 Rxf1+ 35. Kxf1 Qxd5 36.
Qxb6 Qf3+ 37. Kg1 Qxc3 38. Qd8+ Kg7 39. Qe7+ Kh6 40. Qf8+ Kh7 41. Qe7+ Kh6 42. Qf8+ Kh7 43. Qe7+ Kh6 1/2-1/2

[Event "*** Titled Tuesday Blitz"]
[Site "Chess.com"]
[Date "2021.02.02"]
[Round "1"]
[White "BulletMercenary"]
[Black "tsvet2005"]
[Result "0-1"]
[WhiteElo "2367"]
[BlackElo "2685"]
[TimeControl "180+1"]
[EndTime "10:07:16 PST"]
[Termination "tsvet2005 won by resignation"]

1. e4 c5 2. d4 cxd4 3. c3 dxc3 4.
Nxc3 Nc6 5. Nf3 e6 6. Bc4 a6 7.
Qe2 Nge7 8. O-O Ng6 9. e5 d5 10. exd6 Bxd6 11. Rd1 Qe7 12. Ne4 Bc7 13. Bg5 f6 14.
Be3 b6 15. Rac1 Nce5 16. Bb3 O-O 17. Nd4 Kh8 18. f4 Nf7 19. Nxe6 Bxe6 20. Bxe6 Bxf4 21.
Bd5 Rad8 22. Bxb6 Bxc1 23. Bxd8 Rxd8 24. Bxf7 Be3+ 25. Kf1 Rxd1+ 26. Qxd1 Qxf7 27. Nd6 Qe6 28. Qd3 Ne5 29. Qxa6 g6 30. Qc8+ Qxc8 31. Nxc8 Kg7 32. Ke2 Bd4 33. b3 Kf7 34. Nd6+ Ke6 35. Nb5 Kd5 36.
Na3 Bc5 37. Nc2 Nc6 38. Ne1 Nd4+ 39. Kd3 Bb4 40. Nc2 Nxc2 41. Kxc2 Kd4 42. Kb2 f5 43. a3 Bc3+ 44. Kc2 f4 45. b4 g5 0-1

[Event "*** Titled Tuesday Blitz"]
[Site "Chess.com"]
[Date "2021.02.02"]
[Round "1"]
[White "Szparu"]
[Black "Snowflake"]
[Result "1-0"]
[WhiteElo "2641"]
[BlackElo "2341"]
[TimeControl "180+1"]
[EndTime "10:07:16 PST"]
[Termination "Szparu won by resignation"]

1. d4 Nf6 2. c4 e6 3. Nc3 d5 4. Nf3 Be7 5. Bf4 O-O 6. e3 Nbd7 7. h3 c6 8. Bd3 dxc4 9. Bxc4 b5 10. Bd3 a6 11. Rc1 c5 12. Bh2 Bb7 13. O-O Rc8 14. Bb1 Qb6 15. Qe2 Rfd8 16. Rfd1 h6 17. Ne5 Nxe5 18. Bxe5 cxd4 19. Bxd4 Qa5 20. a3 b4 21.
axb4 Qxb4 22. Ba2 Qa5 23. Ra1 Qg5 24. f4 Qg6 25. Bb1 Ne4 26. Nxe4 Bxe4 27. Bxe4 Qxe4 28. Rxa6 Rc2 29. Rd2 Rc1+ 30. Kh2 Rdc8 31. Ra7 Bf8 32. Qh5 R8c7 33. Ra8 Rc8 34. Ra7 R8c7 35. Rxc7 Rxc7 36. Bb6 Rb7 37. Rd8 Qb4 38. Bc5 Qxc5 39. Qxc5 g6 40. Qxf8+ 1-0

[Event "*** Titled Tuesday Blitz"]
[Site "Chess.com"]
[Date "2021.02.02"]
[Round "1"]
[White "krasavetc"]
[Black "andriipalchuk"]
[Result "1-0"]
[WhiteElo "2348"]
[BlackElo "2612"]
[TimeControl "180+1"]
[EndTime "10:07:16 PST"]
[Termination "krasavetc won by resignation"]

1. Nf3 Nf6 2. d4 d5 3. e3 Bf5 4. c4 c6 5. Nc3 e6 6. Be2 Nbd7 7. O-O Bd6 8. a3 O-O 9. b4 dxc4 10. Bxc4 e5 11.
Bb2 e4 12. Nh4 Bxh2+ 13. Kh1 Bg4 14. Be2 Bxe2 15. Qxe2 Bd6 16. Nf5 Nb6 17. f4 h5 18.
Qf2 g6 19. Nxd6 Qxd6 20. Qh4 Nbd5 21. Rae1 Rae8 22. f5 Nxc3 23. Bxc3 Ng4 24. f6 Re6 25. d5 cxd5 26. Rf4 Rc8 27. Bd4 b6 28. Ref1 Rc2 29. Qg5 Qd8 30. Qh4 Qf8 31. Kg1 Qh6 32. Rxg4 Kf8 33. Rg5 Rd6 34. Be5 Rd7 35. Bf4 Kg8 36.
Rxd5 1-0

[Event "*** Titled Tuesday Blitz"]
[Site "Chess.com"]
[Date "2021.02.02"]
[Round "1"]
[White "hleol"]
[Black "ElGasanov"]
[Result "0-1"]
[WhiteElo "2416"]
[BlackElo "2808"]
[TimeControl "180+1"]
[EndTime "10:07:17 PST"]
[Termination "ElGasanov won by resignation"]

1. d4 e6 2. c4 Bb4+ 3. Nc3 d5 4. cxd5 exd5 5. Bf4 Bf5 6. e3 c6 7. Bd3 Bxd3 8. Qxd3 Nf6 9. Nf3 O-O 10. O-O Re8 11. h3 Nbd7 12. a3 Bxc3 13. bxc3 Nb6 14. a4 Nc4 15.
Rab1 Qd7 16. Ne5 Nxe5 17. Bxe5 Ne4 18. f3 Ng5 19. h4 Ne6 20. e4 f6 21. Bg3 Re7 22. exd5 Qxd5 23. Rfe1 Rae8 24. Rbd1 b5 25. axb5 cxb5 26. Rb1 a6 27. Ra1 Nc5 28. Qc2 Na4 29.
Rxe7 Rxe7 30. Bf2 Qc4 31. Kh1 Qxc3 32. Qxc3 Nxc3 33. Rxa6 Rb7 34. Be1 Ne2 35. d5 b4 36.
d6 b3 37. Ra1 Kf7 38. Rb1 Ke6 39. Rb2 Nc1 40. Bg3 Nd3 41. Re2+ Kf7 42. Rd2 b2 0-1

[Event "*** Titled Tuesday Blitz"]
[Site "Chess.com"]
[Date "2021.02.02"]
[Round "1"]
[White "joejan"]
[Black "Eternauta2400"]
[Result "1-0"]
[WhiteElo "2234"]
[BlackElo "2515"]
[TimeControl "180+1"]
[EndTime "10:07:17 PST"]
[Termination "joejan won by checkmate"]

1. e4 e5 2. Nf3 Nc6 3. Bb5 Nf6 4. O-O a6 5. Bxc6 dxc6 6. Nxe5 Nxe4 7. Re1 Qd4 8. Qf3 f5 9. Nc3 Qxe5 10. Nxe4 Be7 11. d4 fxe4 12. Rxe4 Qf6 13. Qb3 Rf8 14. Bf4 Bf5 15. Re2 O-O-O 16. Rae1 Bd6 17. Be5 Bxe5 18. dxe5 Qe6 19. Qe3 Qxa2 20. Qa7 Kd7 21. e6+ Ke7 22. Qc5+ Rd6 23. g4 Bxg4 24. Qg5+ Rf6 25.
Re5 Rxe6 26. Qxg7+ Rf7 27. Qxg4 Rxe5 28. Rxe5+ Kf8 29.
Qh4 Rg7+ 30. Kf1 Qb1+ 31. Re1 Qxc2 32. Qf6+ Rf7 33. Qh8# 1-0

[Event "*** Titled Tuesday Blitz"]
[Site "Chess.com"]
[Date "2021.02.02"]
[Round "1"]
[White "Isajevsky_Anton"]
[Black "Ashedu66"]
[Result "1-0"]
[WhiteElo "2519"]
[BlackElo "2172"]
[TimeControl "180+1"]
[EndTime "10:07:17 PST"]
[Termination "Isajevsky_Anton won on time"]

1. c4 c5 2. Nf3 g6 3. e3 Bg7 4. d4 Nf6 5. d5 O-O 6. Nc3 d6 7. Be2 Na6 8. O-O Nc7 9. e4 Bg4 10.
Ne1 Bxe2 11. Qxe2 e6 12. Bf4 exd5 13. exd5 Re8 14. Qd3 Qd7 15. Nf3 a6 16. Rae1 b5 17. b3 bxc4 18. bxc4 Rab8 19. h3 Rxe1 20. Rxe1 Re8 21.
Rb1 Nh5 22. Bd2 Qc8 23. Rb6 Qd8 24. Rc6 h6 25. Ne4 Bf8 26. Bc3 f5 27. Nxc5 dxc5 28.
Rxg6+ Ng7 29. Qxf5 Qc8 30. Qf4 Qd7 31. Qxh6 1-0

[Event "*** Titled Tuesday Blitz"]
[Site "Chess.com"]
[Date "2021.02.02"]
[Round "1"]
[White "GregShahade"]
[Black "kobemagic"]
[Result "1-0"]
[WhiteElo "2682"]
[BlackElo "2367"]
[TimeControl "180+1"]
[EndTime "10:07:18 PST"]
[Termination "GregShahade won on time"]

1. e4 Nf6 2. e5 Nd5 3. d4 d6 4. Nf3 dxe5 5. Nxe5 c6 6. Be2 Bf5 7. O-O Nd7 8. Nf3 h6 9. Re1 e6 10. Nbd2 Bd6 11. Nc4 Bc7 12. Ne3 Nxe3 13. Bxe3 Nf6 14. c3 O-O 15. Qb3 b6 16. Rad1 Nd5 17. Bc1 Qf6 18. Qc4 Ne7 19. Ne5 Rfc8 20. Bf3 Bxe5 21.
dxe5 Qg6 22. Rd7 Nd5 23. Qe2 Bd3 24. Qd1 Bb1 25. Bh5 Qf5 26. g4 Qc2 27. Qxc2 Bxc2 28.
Bxf7+ Kh8 29. Bxe6 Rd8 30. Bxd5 cxd5 31. e6 Be4 32.
Bf4 Kh7 33. Bc7 Rf8 34. Be5 Rg8 35. e7 Rae8 36. Bd6 g5 37. Rxa7 Rg6 38. Rd7 Re6 39. f3 Bf5 40. Rxe6 Bxe6 41. Rd8 Bf7 42. a4 Kg6 43. b4 Kf6 44. a5 1-0

[Event "*** Titled Tuesday Blitz"]
[Site "Chess.com"]
[Date "2021.02.02"]
[Round "1"]
[White "MelihKaanCan"]
[Black "SlavenPastar"]
[Result "0-1"]
[WhiteElo "2335"]
[BlackElo "2634"]
[TimeControl "180+1"]
[EndTime "10:07:18 PST"]
[Termination "SlavenPastar won by checkmate"]

1. d4 b6 2. e4 Bb7 3. Bd3 Nf6 4. Qe2 e6 5. Bg5 h6 6. Bh4 c5 7. c3 cxd4 8. cxd4 Nc6 9. Nf3 Nb4 10. e5 Nxd3+ 11.
Qxd3 g5 12. Nxg5 hxg5 13. Bxg5 Be7 14. exf6 Bxf6 15. Bxf6 Qxf6 16. f3 O-O-O 17. Nc3 Kb8 18. O-O-O Rdg8 19. Rd2 Qf4 20. g3 Rxg3 21. hxg3 Rxh1+ 22.
Kc2 Qxg3 23. Ne4 Qe1 24. Kb3 Qa1 25. Nc3 Qf1 26. Qe3 Qxf3 27. Qe5+ Ka8 28. Qc7 Qc6 29. Qd8+ Qc8 30. Qe7 f5 31. d5 exd5 32. Nxd5 Rh3+ 33. Kb4 a5+ 34. Kb5 Qc6# 0-1

[Event "*** Titled Tuesday Blitz"]
[Site "Chess.com"]
[Date "2021.02.02"]
[Round "1"]
[White "Spalir"]
[Black "queen_iryna"]
[Result "1-0"]
[WhiteElo "2634"]
[BlackElo "2335"]
[TimeControl "180+1"]
[EndTime "10:07:18 PST"]
[Termination "Spalir won by checkmate"]

1. e4 d6 2. d4 Nf6 3. Nc3 e5 4. Nf3 Nbd7 5. Bc4 Be7 6. O-O O-O 7. Re1 c6 8. a4 h6 9. h3 Re8 10. Be3 Bf8 11. d5 cxd5 12. exd5 Nb6 13. Bb3 Bf5 14. Nd2 Bg6 15. a5 Nbd7 16. a6 b6 17. Ba4 Qc7 18.
Bc6 Rad8 19. Nb5 Qb8 20. c4 Nh7 21. f4 exf4 22. Bxf4 Rxe1+ 23. Qxe1 Ne5 24. Qg3 Nf6 25. Qc3 Rc8 26. Bxe5 dxe5 27. b4 Ne4 28. Nxe4 Bxe4 29. Bb7 Rd8 30. Re1 f5 31. Qb3 Be7 32. Nc3 Bd3 33. Nd1 e4 34. Nf2 Qg3 35. Nxd3 exd3 36. Rxe7 d2 37. Qxg3 d1=Q+ 38. Kh2 Rf8 39. Qxg7# 1-0

[Event "*** Titled Tuesday Blitz"]
[Site "Chess.com"]
[Date "2021.02.02"]
[Round "1"]
[White "medalja"]
[Black "anon219"]
[Result "0-1"]
[WhiteElo "2459"]
[BlackElo "2904"]
[TimeControl "180+1"]
[EndTime "10:07:19 PST"]
[Termination "anon219 won by resignation"]

1. d4 d5 2. c4 e6 3. Nf3 Nf6 4. g3 dxc4 5. Bg2 a6 6. Ne5 Bb4+ 7. Nc3 Nd5 8. Bd2 b5 9. a4 Bb7 10. e4 Nf6 11. Bg5 h6 12. Bxf6 gxf6 13. Ng4 f5 14. Ne5 Nd7 15. O-O Bxc3 16. bxc3 Nxe5 17. dxe5 fxe4 18.
Qb1 Qd3 19. axb5 Qxb1 20. Rfxb1 a5 21. Ra4 Bd5 22. Rba1 Rg8 23. Rxa5 Rxa5 24. Rxa5 Rg5 25. Bf1 Rxe5 26. Ra4 e3 27. fxe3 Rxe3 28. Bxc4 Re4 29. b6 cxb6 30. Bxd5 exd5 31. Rxe4+ dxe4 32. Kf2 Kd7 33. Ke3 f5 34. g4 Ke6 35. gxf5+ Kxf5 36. c4 Ke5 37. h3 h5 38. h4 Kf5 39. Kd4 Kf4 40.
Kd5 e3 41. Kc6 e2 42. Kxb6 e1=Q 43. c5 Qxh4 44. c6 Qf6 45. Kb7 Qxc6+ 0-1

[Event "*** Titled Tuesday Blitz"]
[Site "Chess.com"]
[Date "2021.02.02"]
[Round "1"]
[White "BabyBoss31"]
[Black "Yashasd1995"]
[Result "0-1"]
[WhiteElo "2315"]
[BlackElo "2617"]
[TimeControl "180+1"]
[EndTime "10:07:19 PST"]
[Termination "Yashasd1995 won by resignation"]

1. d4 Nf6 2. Bg5 c5 3. d5 d6 4. Nc3 Nbd7 5. e4 h6 6. Be3 g6 7. Qd2 Bg7 8. f3 a6 9. a4 Ne5 10. h3 g5 11. f4 gxf4 12. Bxf4 Ng6 13. Be3 Bd7 14. Nf3 Rb8 15. a5 b5 16. axb6 Rxb6 17.
Bxa6 Rxb2 18. O-O h5 19. Rfb1 Rxb1+ 20. Rxb1 O-O 21. Bb5 Qa5 22. Bxd7 Nxd7 23. Nb5 Qa2 24. Rd1 Qc4 25. Qa5 Qxc2 26. Re1 Qxe4 27. Bh6 Qxd5 28. Bxg7 Kxg7 29. Nc7 Qf5 30. Qa1+ Nf6 31. Rd1 Nf4 32. Qb2 Rg8 33. Kh1 Kh7 34. Rg1 Rxg2 35. Rxg2 Qxh3+ 36. Kg1 Qxf3 37. Rh2 Nh3+ 38. Rxh3 Qxh3 39. Qe2 Qg4+ 40.
Qxg4 hxg4 0-1

[Event "*** Titled Tuesday Blitz"]
[Site "Chess.com"]
[Date "2021.02.02"]
[Round "1"]
[White "Al_Shima"]
[Black "Susal_De_Silva"]
[Result "1/2-1/2"]
[WhiteElo "2301"]
[BlackElo "2584"]
[TimeControl "180+1"]
[EndTime "10:07:19 PST"]
[Termination "Game drawn by repetition"]

1. e4 e5 2. Nf3 Nc6 3. Bb5 a6 4. Bxc6 dxc6 5. O-O f6 6. d4 Bg4 7. dxe5 Qxd1 8. Rxd1 fxe5 9. Bg5 Bxf3 10. gxf3 Bd6 11. Nd2 b5 12. Nf1 Ne7 13. Ne3 g6 14. Ng4 h5 15. Ne3 Kf7 16. Kg2 Ke6 17. h4 Rhf8 18. c4 Rf7 19. Rac1 c5 20. Nd5 Nxd5 21. cxd5+ Kd7 22. Rd3 c4 23. Rdc3 Bb4 24. R3c2 Raf8 25. a3 Bc5 26. Bh6 Rg8 27. Bg5 Bd4 28. b3 c3 29. b4 a5 30. Rd1 axb4 31. axb4 Rgf8 32. Bh6 Rxf3 33. Bxf8 Rxf8 34. Rd3 Rf4 35. f3 Rxh4 36.
Rdxc3 Bxc3 37. Rxc3 g5 38. Rc5 g4 39. Rxb5 gxf3+ 40. Kxf3 Rf4+ 41. Ke3 h4 42. Rb8 Rf1 43.
Rh8 Rb1 44. Rxh4 Rxb4 45. Rh7+ Kd6 46. Rh6+ Kd7 47. Rc6 Rb3+ 48. Kd2 Rh3 49. Ke2 Rh5 50. Kd3 Rh1 51. Re6 Rh3+ 52. Kc4 Rh4 53. Rxe5 Rh1 54.
Re6 Rh5 55. Kd4 Rg5 56. Rh6 Rg4 57. Rh7+ Kd6 58. Rh6+ Kd7 59. Re6 Rg5 60. e5 Rg4+ 61.
Kc5 Rg1 62. Rh6 Rc1+ 63. Kd4 Rd1+ 64. Ke4 Re1+ 65. Kf5 Rf1+ 66. Ke4 Re1+ 67. Kd4 Rd1+ 68. Ke4 Re1+ 1/2-1/2

[Event "*** Titled Tuesday Blitz"]
[Site "Chess.com"]
[Date "2021.02.02"]
[Round "1"]
[White "bsnsun"]
[Black "dianamirza"]
[Result "1-0"]
[WhiteElo "2484"]
[BlackElo "1924"]
[TimeControl "180+1"]
[EndTime "10:07:20 PST"]
[Termination "bsnsun won by resignation"]

1. d4 Nf6 2. c4 g6 3. Nf3 Bg7 4. g3 O-O 5. Bg2 d6 6. O-O Nbd7 7. Nc3 e5 8. e4 exd4 9. Nxd4 Re8 10. h3 a5 11. Be3 Nc5 12. Qc2 Bd7 13. Rad1 Qc8 14. Kh2 Bc6 15. Nxc6 bxc6 16. f4 Nfd7 17. e5 dxe5 18.
Bxc6 Ra6 19. Bb5 exf4 20. Bxf4 Rae6 21. Bxd7 Nxd7 22. Rf2 Nc5 23. Nd5 Ne4 24. Rg2 Rc6 25.
Re1 f5 26. Qa4 Rb6 27. Nxb6 cxb6 28. Qb5 Re6 29. Qd5 Qe8 30. Rge2 Kh8 31. b3 g5 32. Qxf5 gxf4 33. Rxe4 Rxe4 34. Rxe4 fxg3+ 35. Kg2 Qc6 36. Qd5 Qf6 37. Re8+ Bf8 38. Qe5 Qxe5 39. Rxe5 Kg7 40. Rb5 Bc5 41. Kxg3 h5 42. a3 Kf6 43. b4 axb4 44. axb4 Bd4 45. Rd5 Be5+ 46. Kh4 Ke6 47. Kxh5 1-0

[Event "*** Titled Tuesday Blitz"]
[Site "Chess.com"]
[Date "2021.02.02"]
[Round "1"]
[White "dretch"]
[Black "flexova"]
[Result "1-0"]
[WhiteElo "2844"]
[BlackElo "2433"]
[TimeControl "180+1"]
[EndTime "10:07:21 PST"]
[Termination "dretch won by resignation"]

1. d4 Nf6 2. c4 g6 3. Nc3 d5 4.
e3 Bg7 5. Qb3 dxc4 6. Bxc4 O-O 7. Nf3 c5 8. d5 Nbd7 9. O-O Ng4 10. Rd1 Nde5 11. Nxe5 Nxe5 12. Be2 a6 13. a4 Qc7 14. e4 Ng4 15. Bxg4 Bxg4 16. f3 Bd7 17. Be3 Be5 18. h3 b5 19. Rdc1 Bh2+ 20. Kh1 Bf4 21. Ne2 Bxe3 22. Qxe3 Rfc8 23. axb5 axb5 24. Rxa8 Rxa8 25.
Qxc5 Qa5 26. b4 Qa3 27. Nd4 Rc8 28. Nc6 Kg7 29. Qd4+ f6 30. Ra1 Qb3 31. Nxe7 Rc2 32. Rg1 Qa2 33. e5 Bxh3 34. exf6+ Kf7 35. Qh4 Bxg2+ 36.
Rxg2 Rf2 37. Qxf2 1-0

[Event "*** Titled Tuesday Blitz"]
[Site "Chess.com"]
[Date "2021.02.02"]
[Round "1"]
[White "PerAsperaAdAstraCB"]
[Black "MilosJi"]
[Result "1/2-1/2"]
[WhiteElo "2357"]
[BlackElo "2647"]
[TimeControl "180+1"]
[EndTime "10:07:21 PST"]
[Termination "Game drawn by repetition"]

1. d4 d5 2. Bf4 Nf6 3. e3 c5 4.
Nc3 e6 5. Nb5 Na6 6. c3 Be7 7.
a4 O-O 8. h3 Bd7 9. Nf3 Bc6 10.
Be2 Nd7 11. O-O f5 12. Ne5 Nxe5 13. Bxe5 Rf7 14. Bh5 g6 15. Bf3 Bf8 16. Qe2 c4 17. Qc2 Bxb5 18. axb5 Nc7 19. b3 cxb3 20. Qxb3 a5 21.
bxa6 bxa6 22. c4 dxc4 23. Qxc4 Nd5 24. Rxa6 Rxa6 25. Qxa6 Qd7 26. Rc1 Nb4 27. Qc8 Nd3 28. Rc7 Qxc8 29. Rxc8 Nxe5 30. dxe5 Ra7 31. Bc6 Ra5 32. f4 Ra7 33. Kf2 Kf7 34. Kf3 Ra6 35.
Be8+ Kg7 36. Bb5 Rb6 37. Rc7+ Kg8 38. Be8 Ba3 39. g4 Kf8 40. Ba4 Be7 41. Rc8+ Kf7 42. Be8+ Kg7 43. Bd7 Kf7 44. Rh8 Kg7 45. Ra8 Kf7 46. Ra7 Kf8 47. gxf5 gxf5 48. Bc8 Kf7 49. Bd7 Kf8 50. Ba4 Kf7 51. Bd7 Kf8 1/2-1/2

[Event "*** Titled Tuesday Blitz"]
[Site "Chess.com"]
[Date "2021.02.02"]
[Round "1"]
[White "ajdemipopushi"]
[Black "Monmoransy"]
[Result "0-1"]
[WhiteElo "2313"]
[BlackElo "2614"]
[TimeControl "180+1"]
[EndTime "10:07:24 PST"]
[Termination "Monmoransy won on time"]

1. Nf3 d5 2. g3 Nf6 3. c4 g6 4. Bg2 Bg7 5. cxd5 Nxd5 6. d4 Nb6 7. O-O Nc6 8. e3 e5 9. dxe5 Qxd1 10. Rxd1 Nxe5 11. Nxe5 Bxe5 12. Nc3 c6 13. h3 O-O 14. f4 Bg7 15. e4 f6 16. Rb1 Be6 17. b3 Rad8 18.
Be3 Kf7 19. Kf2 f5 20. e5 Rfe8 21. a4 Bf8 22. a5 Nc8 23. a6 bxa6 24. Bxc6 Rxd1 25.
Rxd1 Re7 26. Nd5 Bxd5 27. Bxd5+ Ke8 28. Rc1 Kd8 29. g4 Nb6 30. Bc6 Rc7 31. Rd1+ Kc8 32. Bf3 Bc5 33. gxf5 gxf5 34. Be2 Bxe3+ 35. Kxe3 Rc3+ 36.
Rd3 Nd5+ 37. Kf3 a5 38. Rxc3+ Nxc3 39. Bd3 a4 40. bxa4 Nxa4 41. Bxf5+ Kd8 42. Bxh7 a5 43. Bg8 Nc5 44. f5 a4 45. h4 Ke7 46. h5 a3 47.
Bc4 Nd3 48. Ke4 Nf2+ 49. Kd5 Ng4 0-1

[Event "*** Titled Tuesday Blitz"]
[Site "Chess.com"]
[Date "2021.02.02"]
[Round "1"]
[White "KruHor"]
[Black "Camels1981"]
[Result "1-0"]
[WhiteElo "2589"]
[BlackElo "2285"]
[TimeControl "180+1"]
[EndTime "10:07:24 PST"]
[Termination "KruHor won by resignation"]

1. e4 c5 2. Nf3 d6 3. Bc4 e6 4. O-O Be7 5. d4 cxd4 6. Qxd4 Nf6 7. Nc3 O-O 8. h3 a6 9. a4 Nc6 10. Qe3 Qc7 11. Qe2 Ne5 12. Bb3 Bd7 13. Bf4 b5 14.
axb5 axb5 15. Bxe5 dxe5 16. Nxb5 Bxb5 17. Qxb5 Nxe4 18.
Qxe5 Qxe5 19. Nxe5 Nd2 20. Rfd1 Nxb3 21. cxb3 Bf6 22.
Rxa8 Rxa8 23. Nc4 g6 24. Kf1 Rb8 25. Rd3 Kg7 26. Ke2 Ra8 27. Rd7 Rb8 28. Nd6 Bxb2 29. Rxf7+ Kg8 30. Rb7 Rd8 31. Ne4 Be5 32. f4 Bg7 33. g4 Rd4 34. Ke3 Rd1 35. g5 Re1+ 36. Kd3 Rf1 37. Nc5 Rf3+ 38. Ke4 Rxh3 39. Nxe6 Bb2 40. b4 Bc1 41. b5 Re3+ 42. Kd5 Rd3+ 43. Kc6 Ba3 44. Rd7 Re3 45. Rd8+ Kf7 46. Nc7 Rc3+ 47. Kb7 Be7 48. Rd7 Rc4 49. Nd5 1-0

[Event "*** Titled Tuesday Blitz"]
[Site "Chess.com"]
[Date "2021.02.02"]
[Round "1"]
[White "LamaChampetre"]
[Black "m_ezat"]
[Result "0-1"]
[WhiteElo "2214"]
[BlackElo "2537"]
[TimeControl "180+1"]
[EndTime "10:07:24 PST"]
[Termination "m_ezat won on time"]

1. d4 Nf6 2. c4 g6 3. Nc3 Bg7 4.
e4 d6 5. h3 O-O 6. Nf3 e5 7.
d5 a5 8. Be3 Na6 9. g4 Nd7 10.
Be2 Ndc5 11. Qd2 f5 12. gxf5 gxf5 13. Bh6 Rf7 14. Rg1 Kh8 15. Ng5 Re7 16. Bxg7+ Rxg7 17. Bh5 Qf6 18. O-O-O Nb4 19. Nf7+ Rxf7 20. Bxf7 Bd7 21.
Bh5 Nxa2+ 22. Kb1 Nxc3+ 23. Qxc3 Nxe4 24. Qe3 f4 25. Qc1 Bf5 26. Ka1 Nc5 27. Qc3 a4 28. Be2 a3 29. b4 Na4 30. Qxa3 e4+ 31. Ka2 Nc3+ 32. Kb3 Rxa3+ 33. Kxa3 Nxd1 34. Bxd1 Qc3+ 35. Bb3 e3 36. fxe3 Bc2 0-1